MLB
KANSAS CITY ROYALS @ BOSTON RED SOX
05/28/2020
 
TOP OF THE 1ST
Kansas City Royals batting - Pitching for Boston Red Sox : RHP Collin McHugh
Pitching: RHP Collin McHugh
Batting: RHB Whit Merrifield 0-0: Called Strike
0-1: Ball
1-1: SINGLE (Line Drive, 8LS, EV 111.9 MPH)
Batting: RHB Austin Dean 0-0: Called Strike
0-1: Ball
1-1: Swinging Strike
1-2: Strikes out looking
Batting: RHB Jorge Soler 0-0: Ball
1-0: Called Strike
1-1: Foul Ball, location: 2F
1-2: Foul Ball, location: 2F
1-2: SINGLE (Groundball, 34D, EV 111.9 MPH)
Whit Merrifield to second
Runner from 2nd tries for 3rd, SAFE, throw by RF made to third
Batting: RHB Hunter Dozier 0-0: Ball
1-0: Ball
Wild Pitch!
Whit Merrifield scores
Jorge Soler to second
2-0: Ball
3-0: Called Strike
3-1: Base on Balls
Batting: LHB Ryan O'Hearn 0-0: Ball
1-0: Ball
2-0: Swinging Strike
2-1: Grounds into double play, 4-6-3 (Groundball, 34, EV 101.3 MPH)
Top of the 1st over - 1 run, 2 hits, 0 errors, 1 left on base; Kansas City 1 - Boston 0
BOTTOM OF THE 1ST
Boston Red Sox batting - Pitching for Kansas City Royals : RHP Brad Keller
Pitching: RHP Brad Keller
Batting: LHB Andrew Benintendi 0-0: Swinging Strike
0-1: Ball
1-1: Foul Ball, location: 2F
1-2: DOUBLE (Line Drive, 3D, EV 96.3 MPH)
Batting: RHB J.D. Martinez 0-0: Called Strike
0-1: Swinging Strike
0-2: Ball
1-2: Ball
2-2: Strikes out swinging
Batting: LHB Rafael Devers 0-0: Ball
1-0: Called Strike
1-1: Ball
2-1: Ball
3-1: Ground out 4-3 (Groundball, 4, EV 83.1 MPH)
Andrew Benintendi to third
Batting: RHB Xander Bogaerts 0-0: Foul Ball, location: 2F
0-1: Ball
1-1: Ball
2-1: Ball
3-1: Called Strike
3-2: Ground out 5-3 (Groundball, 25, EV 91.3 MPH)
Bottom of the 1st over - 0 runs, 1 hit, 0 errors, 1 left on base; Kansas City 1 - Boston 0
TOP OF THE 2ND
Kansas City Royals batting - Pitching for Boston Red Sox : RHP Collin McHugh
Batting: LHB Nicky Lopez 0-0: Ball
1-0: Fly out, F7 (Flyball, 7, EV 93.1 MPH)
Batting: RHB Ryan McBroom 0-0: Ball
1-0: Ground out 4-3 (Groundball, 4M, EV 85.0 MPH)
Batting: RHB Matt Reynolds 0-0: Fly out, F8 (Flyball, 8LM, EV 88.1 MPH)
Top of the 2nd over - 0 runs, 0 hits, 0 errors, 0 left on base; Kansas City 1 - Boston 0
BOTTOM OF THE 2ND
Boston Red Sox batting - Pitching for Kansas City Royals : RHP Brad Keller
Batting: LHB Alex Verdugo 0-0: Ball
1-0: Ball
2-0: SOLO HOME RUN (Flyball, 9D, EV 88.1 MPH), Distance : 417 ft
Batting: LHB Mitch Moreland 0-0: Ball
1-0: Swinging Strike
1-1: Ground out U3 (Groundball, 34, EV 90.6 MPH)
Batting: RHB Michael Chavis 0-0: Called Strike
0-1: Swinging Strike
0-2: Ball
1-2: Foul Ball, location: 2F
1-2: Foul Ball, location: 2F
1-2: Foul Ball, location: 2F
1-2: Foul Ball, location: 2F
1-2: Strikes out looking
Batting: RHB Christian Vazquez 0-0: Ball
1-0: Ground out 5-3 (Groundball, 56S, EV 66.9 MPH)
Bottom of the 2nd over - 1 run, 1 hit, 0 errors, 0 left on base; Kansas City 1 - Boston 1
TOP OF THE 3RD
Kansas City Royals batting - Pitching for Boston Red Sox : RHP Collin McHugh
Batting: RHB Salvador Perez 0-0: Ball
1-0: Ground out 6-3 (Groundball, 56, EV 80.6 MPH)
Batting: RHB Whit Merrifield 0-0: Called Strike
0-1: Ball
1-1: Ground out 4-3 (Groundball, 4, EV 102.5 MPH)
Batting: RHB Austin Dean 0-0: Ball
1-0: Ball
2-0: SOLO HOME RUN (Flyball, 7D, EV 94.4 MPH), Distance : 428 ft
Batting: RHB Jorge Soler 0-0: Called Strike
0-1: Swinging Strike
0-2: Strikes out swinging
Top of the 3rd over - 1 run, 1 hit, 0 errors, 0 left on base; Kansas City 2 - Boston 1
BOTTOM OF THE 3RD
Boston Red Sox batting - Pitching for Kansas City Royals : RHP Brad Keller
Batting: RHB Kevin Pillar 0-0: Swinging Strike
0-1: Called Strike
0-2: Ball
1-2: Ground out 4-3 (Groundball, 4, EV 92.5 MPH)
Batting: LHB Andrew Benintendi 0-0: Foul Ball, location: 2F
0-1: SINGLE (Groundball, 6MD, EV 106.3 MPH)
Batting: RHB J.D. Martinez 0-0: Ball
Andrew Benintendi steals 2nd base
1-0: Foul Ball, location: 2F
1-1: DOUBLE (Groundball, 5L, EV 101.9 MPH)
Andrew Benintendi scores
Batting: LHB Rafael Devers 0-0: Ball
1-0: SINGLE (Groundball, 56, EV 105.0 MPH) (infield hit)
J.D. Martinez to third
Batting: RHB Xander Bogaerts 0-0: Ball
1-0: Foul Ball, location: 2F
1-1: Called Strike
1-2: SINGLE (Line Drive, 56D, EV 108.1 MPH)
J.D. Martinez scores
Rafael Devers to second
Batting: LHB Alex Verdugo 0-0: Fielders Choice at 2nd, 3-6 (Groundball, 34S, EV 84.4 MPH)
Rafael Devers to third
Batting: LHB Mitch Moreland 0-0: Ball
1-0: Ball
2-0: Ball
3-0: Base on Balls
Alex Verdugo to second
Batting: RHB Michael Chavis 0-0: Ball
1-0: Swinging Strike
1-1: Ball
2-1: Ball
3-1: Foul Ball, location: 2F
3-2: Strikes out looking
Bottom of the 3rd over - 2 runs, 4 hits, 0 errors, 3 left on base; Kansas City 2 - Boston 3
TOP OF THE 4TH
Kansas City Royals batting - Pitching for Boston Red Sox : RHP Collin McHugh
Batting: RHB Hunter Dozier 0-0: Ball
1-0: SINGLE (Line Drive, 7LS, EV 106.9 MPH)
Batting: LHB Ryan O'Hearn 0-0: Ball
1-0: Grounds into double play, 6-4-3 (Groundball, 6, EV 108.8 MPH)
Batting: LHB Nicky Lopez 0-0: Ground out 4-3 (Groundball, 4, EV 103.1 MPH)
Top of the 4th over - 0 runs, 1 hit, 0 errors, 0 left on base; Kansas City 2 - Boston 3
BOTTOM OF THE 4TH
Boston Red Sox batting - Pitching for Kansas City Royals : RHP Brad Keller
Batting: RHB Christian Vazquez 0-0: Ball
1-0: Ball
2-0: Ball
3-0: Base on Balls
Batting: RHB Kevin Pillar 0-0: Ball
1-0: SINGLE (Line Drive, 5D, EV 93.8 MPH)
Christian Vazquez to second
Batting: LHB Andrew Benintendi 0-0: Ball
1-0: Ground out 6-3 (Groundball, 6S, EV 72.5 MPH)
Christian Vazquez to third
Kevin Pillar to second
Batting: RHB J.D. Martinez 0-0: Called Strike
0-1: Called Strike
0-2: Ball
1-2: Strikes out looking
Batting: LHB Rafael Devers 0-0: Ball
Wild Pitch!
Christian Vazquez scores
Kevin Pillar to third
1-0: Swinging Strike
1-1: Called Strike
1-2: Strikes out swinging
Bottom of the 4th over - 1 run, 1 hit, 0 errors, 1 left on base; Kansas City 2 - Boston 4
TOP OF THE 5TH
Kansas City Royals batting - Pitching for Boston Red Sox : RHP Collin McHugh
Batting: RHB Ryan McBroom 0-0: Foul Ball, location: 2F
0-1: Ball
1-1: Ball
2-1: Ground out 6-3 (Groundball, 6D, EV 85.6 MPH)
Batting: RHB Matt Reynolds 0-0: Foul Ball, location: 2F
0-1: Ball
1-1: Foul Ball, location: 2F
1-2: Strikes out swinging
Batting: RHB Salvador Perez 0-0: Ball
1-0: Ball
2-0: Called Strike
2-1: Foul Ball, location: 2F
2-2: Strikes out swinging
Top of the 5th over - 0 runs, 0 hits, 0 errors, 0 left on base; Kansas City 2 - Boston 4
BOTTOM OF THE 5TH
Boston Red Sox batting - Pitching for Kansas City Royals : RHP Brad Keller
Batting: RHB Xander Bogaerts 0-0: Called Strike
0-1: Foul Ball, location: 2F
0-2: Ball
1-2: Reached on error, E6 (Groundball, 6, EV 83.1 MPH)
Batting: LHB Alex Verdugo 0-0: Ball
1-0: Called Strike
1-1: SINGLE (Line Drive, 56D, EV 97.5 MPH)
Xander Bogaerts to second
Batting: LHB Mitch Moreland 0-0: SINGLE (Groundball, 34D, EV 103.1 MPH)
Xander Bogaerts to third
Alex Verdugo to second
Batting: RHB Michael Chavis 0-0: Ball
1-0: Foul Ball, location: 2F
1-1: Ball
2-1: Swinging Strike
2-2: Fly out, F9 (Flyball, 9LM, EV 88.1 MPH)
Runner from 3rd tags up, SCORES, throw by RF
Pitching: RHP Jorge Lopez
Batting: RHB Christian Vazquez 0-0: Called Strike
0-1: Ball
1-1: Swinging Strike
1-2: Ball
2-2: Strikes out looking
Batting: RHB Kevin Pillar 0-0: Foul Ball, location: 2F
0-1: Foul Ball, location: 2F
0-2: Fly out, F8 (Flyball, 8LD, EV 86.3 MPH)
Bottom of the 5th over - 1 run, 2 hits, 1 error, 2 left on base; Kansas City 2 - Boston 5
TOP OF THE 6TH
Kansas City Royals batting - Pitching for Boston Red Sox : RHP Collin McHugh
Batting: RHB Whit Merrifield 0-0: Called Strike
0-1: Called Strike
0-2: Ground out 5-3 (Groundball, 56S, EV 79.4 MPH)
Batting: RHB Austin Dean 0-0: Swinging Strike
0-1: Ball
1-1: Swinging Strike
1-2: Fly out, F4 (Popup, 23, EV 82.5 MPH)
Batting: RHB Jorge Soler 0-0: Ball
1-0: Swinging Strike
1-1: Ground out 6-3 (Groundball, 6, EV 110.6 MPH)
Top of the 6th over - 0 runs, 0 hits, 0 errors, 0 left on base; Kansas City 2 - Boston 5
BOTTOM OF THE 6TH
Boston Red Sox batting - Pitching for Kansas City Royals : RHP Jorge Lopez
Batting: LHB Andrew Benintendi 0-0: Ball
1-0: Fly out, F8 (Flyball, 8LM, EV 94.4 MPH)
Batting: RHB J.D. Martinez 0-0: Ball
1-0: Ball
2-0: Called Strike
2-1: Called Strike
2-2: Ball
3-2: SINGLE (Groundball, 34D, EV 97.5 MPH)
Pitching: LHP Tim Hill
Batting: LHB Rafael Devers 0-0: Ball
1-0: Called Strike
1-1: Swinging Strike
1-2: Ball
2-2: Strikes out looking
Batting: RHB Xander Bogaerts 0-0: Ball
1-0: Foul Ball, location: 2F
1-1: Ball
2-1: Swinging Strike
2-2: Foul Ball, location: 2F
2-2: Strikes out swinging
Bottom of the 6th over - 0 runs, 1 hit, 0 errors, 1 left on base; Kansas City 2 - Boston 5
TOP OF THE 7TH
Kansas City Royals batting - Pitching for Boston Red Sox : RHP Collin McHugh
Batting: RHB Hunter Dozier 0-0: Ground out 6-3 (Groundball, 6, EV 110.6 MPH)
Batting: LHB Ryan O'Hearn 0-0: Ball
1-0: Called Strike
1-1: Called Strike
1-2: Foul Ball, location: 2F
1-2: SINGLE (Groundball, 4M, EV 95.6 MPH) (infield hit)
Batting: LHB Nicky Lopez 0-0: Ball
1-0: Ball
2-0: Foul Ball, location: 2F
2-1: Ball
3-1: Base on Balls
Ryan O'Hearn to second
Batting: RHB Ryan McBroom 0-0: Swinging Strike
0-1: Fly out, F4 (Popup, 6MD, EV 54.4 MPH)
Batting: RHB Matt Reynolds 0-0: Fielders Choice at 2nd, 5-4 (Groundball, 56, EV 102.5 MPH)
Top of the 7th over - 0 runs, 1 hit, 0 errors, 2 left on base; Kansas City 2 - Boston 5
BOTTOM OF THE 7TH
Boston Red Sox batting - Pitching for Kansas City Royals : LHP Tim Hill
Batting: LHB Alex Verdugo 0-0: Called Strike
0-1: Swinging Strike
0-2: Foul Ball, location: 2F
0-2: Ball
1-2: Strikes out looking
Pitching: RHP Tyler Zuber
Batting: LHB Mitch Moreland 0-0: Called Strike
0-1: Ball
1-1: Swinging Strike
1-2: Fly out, F5 (Popup, 25F, EV 85.6 MPH)
Batting: RHB Michael Chavis 0-0: Ball
1-0: Ball
2-0: Foul Ball, location: 2F
2-1: Foul Ball, location: 2F
2-2: Fly out, F8 (Flyball, 8RXD, EV 90.6 MPH)
Bottom of the 7th over - 0 runs, 0 hits, 0 errors, 0 left on base; Kansas City 2 - Boston 5
TOP OF THE 8TH
Kansas City Royals batting - Pitching for Boston Red Sox : RHP Collin McHugh
Batting: RHB Salvador Perez 0-0: Called Strike
0-1: Ball
1-1: Foul Ball, location: 2F
1-2: Ball
2-2: DOUBLE (Line Drive, 9LM, EV 110.6 MPH)
Batting: RHB Whit Merrifield 0-0: Foul Ball, location: 2F
0-1: Foul Ball, location: 2F
0-2: Ball
1-2: Ball
2-2: Strikes out swinging
Batting: RHB Austin Dean 0-0: Foul Ball, location: 2F
0-1: Swinging Strike
0-2: Strikes out swinging
Batting: RHB Jorge Soler 0-0: Foul Ball, location: 2F
0-1: Fly out, F7 (Flyball, 7, EV 82.5 MPH)
Top of the 8th over - 0 runs, 1 hit, 0 errors, 1 left on base; Kansas City 2 - Boston 5
BOTTOM OF THE 8TH
Boston Red Sox batting - Pitching for Kansas City Royals : RHP Tyler Zuber
Batting: RHB Christian Vazquez 0-0: Ball
1-0: Called Strike
1-1: Ball
2-1: Swinging Strike
2-2: Strikes out swinging
Batting: RHB Kevin Pillar 0-0: Ball
1-0: Ball
2-0: Called Strike
2-1: Ball
3-1: Foul Ball, location: 2F
3-2: Strikes out looking
Pitching: RHP Josh Staumont
Batting: LHB Andrew Benintendi 0-0: Ball
1-0: Ball
2-0: Ground out 5-3 (Groundball, 5L, EV 106.9 MPH)
Bottom of the 8th over - 0 runs, 0 hits, 0 errors, 0 left on base; Kansas City 2 - Boston 5
TOP OF THE 9TH
Kansas City Royals batting - Pitching for Boston Red Sox : RHP Collin McHugh
Pitching: RHP Matt Barnes
Batting: RHB Hunter Dozier 0-0: Ground out 6-3 (Groundball, 6S, EV 83.1 MPH)
Batting: LHB Ryan O'Hearn 0-0: Foul Ball, location: 2F
0-1: Ball
1-1: Called Strike
1-2: Ball
2-2: Foul Ball, location: 2F
2-2: Ground out 4-3 (Groundball, 4, EV 81.9 MPH)
Batting: LHB Nicky Lopez 0-0: Ball
1-0: Swinging Strike
1-1: Called Strike
1-2: Strikes out looking
Top of the 9th over - 0 runs, 0 hits, 0 errors, 0 left on base; Kansas City 2 - Boston 5
Wednesday, June 3rd, 2020 - OOTP Baseball 21.3 Build 54